 Dungeon Crawl Stone Soup version 0.31-a0-152-g6aa68a64a1 (webtiles) character file.

Game seed: 8379696660528155648

5 Elmgren the Firebug (level 1, 14/14 HPs)
             Began as a Draconian Fire Elementalist on June 11, 2023.
             Quit the game on level 2 of the Dungeon.
             The game lasted 00:01:05 (183 turns).

Elmgren the Firebug (Draconian Fire Elementalist)    Turns: 183, Time: 00:01:05

Health: 14/14      AC:  4    Str: 10    XL:     1   Next: 66%
Magic:  3/3        EV: 12    Int: 15    God:
Gold:   3          SH:  0    Dex: 11    Spells: 3/4 levels left

rFire   . . .        (no weapon)
rCold   . . .        (no shield)
rNeg    . . .        (body armour unavailable)
rPois   .            (helmet restricted)
rElec   .            (no cloak)
rCorr   .            (no gloves)
SInv    .            (no boots)
Will    +....        (no amulet)
Stlth   ++           b - ring of willpower
HPRegen 0.22/turn    (no ring)
MPRegen 0.08/turn

%: no passive effects
@: no status effects
A: AC +4, unfitting armour, cold-blooded
a: no special abilities


You were on level 2 of the Dungeon.
You visited 1 branch of the dungeon, and saw 2 of its levels.

You collected 3 gold pieces.

Inventory:

Jewellery
 b - a ring of willpower (left hand)
Potions
 a - a potion of magic
 c - 2 potions of brilliance {unknown}


   Skills:
 - Level 1.7 Dodging
 - Level 1.7 Stealth
 + Level 2.1 Spellcasting
 + Level 1.2 Conjurations
 + Level 3.1 Fire Magic


You had 3 spell levels left.
You knew the following spells:

 Your Spells              Type           Power      Damage    Failure   Level
a - Foxfire               Conj/Fire      32%        2x1d5     9%          1

Your spell library contained the following spells:

 Spells                   Type           Power      Damage    Failure   Level
 Scorch                   Fire           22%        2d5       9%          2
 Inner Flame              Hex/Fire       6%         N/A       34%         3
 Volatile Blastmotes      Fire/Tloc      12%        2d11      34%         3
 Flame Wave               Conj/Fire      8%         2d5       65%         4


Dungeon Overview and Level Annotations

Branches:
Dungeon (2/15)

Altars:


Innate Abilities, Weirdness & Mutations

Your plain brown scales are hard. (AC +4)
You cannot fit into any form of body armour.
You are cold-blooded and may be slowed by cold attacks.


Message History

You conjure some foxfire!
Casting: Foxfire (safe; 10% risk of failure)
Press: ? - help, Q - select action Dir - look around, f - activate You conjure some foxfire!
The foxfire hits the dart slug but does no damage.
The foxfire hits the dart slug.
The dart slug is moderately wounded.
Your foxfire dissipates! x2
Casting: Foxfire (safe; 10% risk of failure)
Confirm with . or Enter, or press ? or * to list all spells.
You conjure some foxfire!
The dart slug launches a dart at you. The slug dart misses you.
You don't have enough magic to cast this spell.
The foxfire hits the dart slug.
The dart slug is heavily wounded.
The foxfire hits the dart slug.
The dart slug is almost dead.
The rat bites you. The rat bites you. The rat bites you but does no damage.
You barely miss the rat. The rat barely misses you.
You hit the rat but do no damage. The rat bites you but does no damage.
You barely miss the rat. The rat completely misses you.
You barely miss the rat.
You tail-slap the rat, but do no damage.
The rat misses you. The dart slug bites you.
You hit the rat.
You kill the rat!
The dart slug launches a dart at you.
The slug dart hits you but does no damage.
You hit the dart slug.
You kill the dart slug!
No target in view!
A sourceless malevolence fills the Dungeon...
You fall into a shaft and drop 1 floor!
The shaft crumbles and collapses.
Found a scroll labelled VASAOG DEUFIOSM and a ruby potion.
Found a stone staircase leading up.
Are you sure you want to abandon this character and quit the game? (Confirm with "yes".)

... .. .<
#. ##.#
...##
#..## #@.#
#...#
..?...#
#.###.....
.. #..####
## #..#
...# #!##


There were no monsters in sight!

Vanquished Creatures
  A dart slug (D:1)
  An endoplasm (D:1)
  A frilled lizard (D:1)
  A rat (D:1)
4 creatures vanquished.

Vanquished Creatures (others)
  19 foxfires (D:1)
19 creatures vanquished.

Grand Total: 23 creatures vanquished

Notes
Turn   | Place    | Note
-------+----------+-------------------------------------------
     0 | D:1      | Elmgren the Draconian Fire Elementalist began the quest for
                  | the Orb.
     0 | D:1      | Reached XP level 1. HP: 14/14 MP: 3/3
   182 | D:1      | You fall into a shaft and drop 1 floor!
   183 | D:2      | Quit the game

Illustrated notes

Levels and vault maps discovered:
D:1:      lightli_arrival_noodles, layout_loops_ring, minmay_pentomino_t2
D:2:      layout_loops_ring

Action                     || total
---------------------------++-------
  Melee: Unarmed           ||     6
         Tailslap          ||     1
   Cast: Foxfire           ||    12
 Armour: Skin              ||     3
  Dodge: Dodged            ||     4

Table legend: (Time is in decaauts)
 A = Elapsed time spent in this place.
 B = Non-inter-level travel time spent in this place.
 C = Inter-level travel time spent in this place.
 D = Time resting spent in this place.
 E = Time spent auto-exploring this place.
 F = Levels seen in this place.
 G = Mean time per level.
                   A        B        C        D        E       F      G
               +--------+--------+--------+--------+--------+-----+--------+
         Total |    182 |    182 |      0 |     31 |    110 |   2 |   91.0 |
       Dungeon |    182 |    182 |      0 |     31 |    110 |   2 |   91.0 |
               +--------+--------+--------+--------+--------+-----+--------+

Top non-repeatable levels by time:
     D:1: 181 daAuts
     D:2: 0 daAuts
